 Dungeon Crawl Stone Soup version 0.28.0-43-g3370ac3207 (webtiles) character file.

Game seed: 16946815513412484139

109 MisterFreud the Insei (level 4, -3/34 HPs)
             Began as a Demigod Transmuter on Mar 28, 2022.
             Killed by nerve-wracking pain
             ... invoked by an orc priest
              (13 damage)
             ... on level 4 of the Dungeon.
             The game lasted 00:04:18 (3398 turns).

MisterFreud the Insei (Demigod Transmuter)          Turns: 3398, Time: 00:04:19

Health: -3/34      AC:  2    Str: 11    XL:     4   Next: 34%
Magic:  7/9        EV: 19    Int: 15    God:
Gold:   108        SH:  0    Dex: 23    Spells: 0/6 levels left

rFire   . . .      SeeInvis .     - Unarmed
rCold   . . .      Faith    .   (shield currently unavailable)
rNeg    . . .      Spirit   .   (armour currently unavailable)
rPois   x          Reflect  .   (helmet currently unavailable)
rElec   .          Harm     .   (cloak currently unavailable)
rCorr   .          Rampage  .   (gloves currently unavailable)
Will    .....                   (boots currently unavailable)
Stlth   ++........              (no amulet)
HPRegen 0.11/turn               i - ring of wizardry
MPRegen 0.11/turn               (no ring)

@: spider-form (expiring)
A: venomous fangs, tiny, high MP 1, forlorn, divine attributes
a: End Transformation


You were on level 4 of the Dungeon.
You were a venomous arachnid creature.
You visited 2 branches of the dungeon, and saw 5 of its levels.

You collected 108 gold pieces.

Inventory:

Missiles
 f - 4 javelins
 j - 6 poisoned darts
Armour
 a - a +0 robe (melded)
 q - a +0 cloak (melded)
Jewellery
 i - a ring of wizardry (left front leg)
Wands
 s - a wand of iceblast (14)
Scrolls
 b - 2 scrolls of teleportation
 c - 2 scrolls of magic mapping
 d - a scroll of blinking {unknown}
 h - a scroll of holy word {unknown}
 l - a scroll of torment {unknown}
 m - a scroll of silence {unknown}
 o - a scroll of immolation {unknown}
 p - a scroll of brand weapon {unknown}
 r - a scroll of enchant weapon {unknown}
Potions
 e - a potion of berserk rage
 g - 3 potions of heal wounds
 k - a potion of lignification
 n - a potion of brilliance


   Skills:
 - Level 0.8 Fighting
 - Level 1.7 Dodging
 + Level 4.9 Unarmed Combat
 - Level 1.7 Spellcasting
 - Level 1.7 Transmutations


You couldn't memorise any spells.
You knew the following spells:

 Your Spells              Type           Power      Damage    Failure   Level
a - Beastly Appendage     Tmut           12%        N/A       11%         1
b - Wereblood             Tmut           6%         N/A       16%         2
c - Spider Form           Tmut/Pois      3%         N/A       32%         3

Your spell library contained the following spells:

 Spells                   Type           Power      Damage    Failure   Level
 Ozocubu's Armour         Ice            1%         N/A       43%         3
 Ice Form                 Ice/Tmut       3%         N/A       67%         4
 Metabolic Englaciation   Hex/Ice        0%         N/A       96%         5
 Simulacrum               Ice/Necr       0%         N/A       100%        6


Dungeon Overview and Level Annotations

Branches:
Dungeon (4/15)             Temple (1/1) D:4

Shops:
D:4 (


Innate Abilities, Weirdness & Mutations

You are a venomous arachnid creature.
You have poisonous fangs.
You are tiny and dextrous.
Your spellcasting is less reliable in this form.
Your armour is entirely melded.
You are incapable of wielding weapons or throwing items.
You have an increased reservoir of magic. (+10% MP)
You shall have no god before yourself.
Your divine heritage dramatically boosts your attributes as you level up.


Message History

Confirm with . or Enter, or press ? or * to list all spells.
The spell is quite dangerous to miscast (19% risk of failure)!
Continue anyway?
You turn into a venomous arachnid creature.
Your +0 cloak melds into your body.
Your +0 robe melds into your body.
Your transformation is almost over.
The orc wizard shouts!
The jackal barks!
The orc priest shouts!
The orc wizard shouts!
The jackal barks!
The orc priest closely misses you.
The orc wizard casts a spell.
The orc wizard flickers and vanishes!
Deactivating autopickup; reactivate with Ctrl-A.
You hit the orc priest.
The orc priest is poisoned.
The orc priest is lightly wounded.
The jackal completely misses you. The orc priest hits you with a +0 whip.
You hit the orc priest but do no damage.
The orc priest is lightly wounded.
The jackal closely misses you.
You hit the orc priest.
The orc priest looks as sick as possible!
The orc priest is heavily wounded.
The orc priest begins to cast a cantrip, but forgets the words!
The orc wizard gestures wildly while chanting.
The orc wizard flickers and vanishes!
The jackal misses you.
You hit the orc priest.
The orc priest looks as sick as possible!
The orc priest is severely wounded.
The jackal bites you.
The orc priest invokes the aid of Beogh against you.
Pain shoots through your body! The jackal completely misses you.
You barely miss the jackal.
The orc priest invokes the aid of Beogh against you.
Beogh smites you!
* * * LOW HITPOINT WARNING * * *
The jackal completely misses you. The jackal barely misses you.
You barely miss the jackal. The jackal closely misses you.
The jackal misses you.
The orc priest invokes the aid of Beogh against you.
Pain shoots through your body!
You die...

#.# ##..#. #.#######.#.#.
#........###..
#########.#.#^ ##..#. #
#..#. ## #. #..##
#...#$###############..##
.......hsoJ{.......<.....
...###h#############....
#................##
##################


You could see an orc priest (extremely poisoned), an endoplasm and 2 jackals.

Vanquished Creatures
  5 adders
  4 dart slugs
  An orc (D:4)
  5 endoplasms
  3 giant cockroaches
  7 goblins
  9 hobgoblins
  2 quokkas (D:2)
  5 ball pythons
  A bat (D:1)
  2 frilled lizards
  6 kobolds
  3 rats
53 creatures vanquished.

Notes
Turn   | Place    | Note
-------+----------+-------------------------------------------
     0 | D:1      | MisterFreud the Demigod Transmuter began the quest for the
                  | Orb.
     0 | D:1      | Reached XP level 1. HP: 15/15 MP: 5/5
    70 | D:1      | Reached skill level 3 in Unarmed Combat
   235 | D:1      | Reached XP level 2. HP: 21/22 MP: 7/7
   839 | D:2      | Learned a level 2 spell: Wereblood
  1173 | D:2      | Reached skill level 4 in Unarmed Combat
  1173 | D:2      | Reached XP level 3. HP: 22/27 MP: 6/8
  2486 | D:3      | Reached XP level 4. HP: 34/34 MP: 6/9
  2615 | D:4      | Found a staircase to the Ecumenical Temple.
  2743 | D:4      | Noticed a phantom
  2811 | Temple   | Entered the Ecumenical Temple
  2818 | D:4      | Learned a level 3 spell: Spider Form
  3158 | D:4      | Identified the +5 short sword "Efuttemy" {freeze, *Slow
                  | rElec rPois rC-}
  3354 | D:4      | Found Ahizxas's Antique Weapon Shoppe.
  3398 | D:4      | Killed from afar by an orc priest

Illustrated notes

Levels and vault maps discovered:
D:1:      elethiomel_arrival_infinity_welcomes_careful_drivers, layout_basic,
          hellmonk_ecumenical_altar_slurped_away, minmay_pentomino_q4
D:2:      layout_rooms
D:3:      layout_basic
D:4:      layout_loops_ring, minmay_temple_entry_junction, serial_shops,
          kennysheep_mini, minmay_surrounded
Temple:   mainiacjoe_temple_trianglar_array

Skill      XL: |  1  2 |
---------------+-------+-----
Unarmed Combat | 3 4 |  4.9
Fighting       | |  0.8
Dodging        | |  1.7
Spellcasting   | |  1.7
Transmutations | |  1.7

Action                   |  1- 3 |  4- 6 || total
-------------------------+-------+-------++-------
Melee: Unarmed           |   132 |    44 ||   176
       Kick              |     6 |     1 ||     7
       Punch             |     2 |     4 ||     6
       Headbutt          |     5 |     2 ||     7
 Cast: Beastly Appendage |    11 |     1 ||    12
       Spider Form       |       |     1 ||     1
  Use: Scroll            |       |     6 ||     6
 Stab: Sleeping          |     2 |     2 ||     4
Armor: Robe              |    17 |     8 ||    25
Dodge: Dodged            |    82 |    23 ||   105
